Map: Ever Dream LE

Players

SortOf

  • Race: Zerg Zerg
  • League: Master
  • Spawn Location: 7:00

Exostriker - Winner!

  • Race: Protoss Protoss
  • League: Grandmaster
  • Spawn Location: 1:00

VOD

Have the link to the VOD?

Description

Time

  • Played on: July 20, 2020, 7:14 p.m.
  • Length: 6:57
Show
View Real Time Build Order
Export as new Build Order

SortOf Zerg 

Build Orders: Hatch First 

Get SALT Encoding   

  12  0:00  Drone  
  13  0:13  Overlord  
  13  0:17  Drone  
  14  0:31  Drone x2  
  16  0:48  Hatchery  
  15  0:51  Drone  
  15  0:55  Drone  
  17  0:57  Drone  
  18  1:09  Extractor  
  17  1:14  Spawning Pool  
  17  1:17  Drone  
  17  1:20  Drone  
  18  1:31  Drone  
  19  1:41  Drone  
  20  1:52  Overlord  
  20  2:00  Queen  
  20  2:01  Queen  
  24  2:02  Zergling x4  
  26  2:11  Drone  
  26  2:12  Drone  
  28  2:17  Metabolic Boost  
  28  2:22  Drone x2  
  30  2:35  Hatchery  
  29  2:38  Drone  
  30  2:45  Drone  
  30  2:49  Overlord  
  31  2:56  Drone  
  31  2:57  Drone, Queen  
  35  3:01  Drone  
  36  3:08  Overlord  
  37  3:12  Drone  
  37  3:15  Drone x4  
  41  3:24  Overlord  
  41  3:25  Zergling x2  
  42  3:28  Queen  
  42  3:32  Drone  
  45  3:36  Drone  
  46  3:45  Drone  
  46  3:46  Drone x6  
  46  3:47  Spore Crawler  
  52  3:52  Queen  
  54  3:57  Zergling x6  
  54  3:59  Drone  
  58  4:05  Overlord  
  58  4:06  Drone  
  58  4:07  Spore Crawler  
  58  4:10  Roach Warren  
  58  4:15  Spore Crawler  
  58  4:16  Drone x3  
  59  4:18  Extractor, Zergling x2  
  59  4:25  Drone x3  
  59  4:27  Lair  
  59  4:29  Drone  
  63  4:35  Overlord  
  63  4:36  Drone x3  
  66  4:39  Overlord  
  66  4:43  Drone x2  
  68  4:46  Extractor  
  68  4:47  Drone  
  68  4:51  Drone x2  
  68  4:52  Drone x3  
  70  5:01  Drone x4  
  70  5:06  Extractor  
  73  5:08  Extractor, Overlord  
  73  5:09  Roach x2  
  74  5:19  Roach x5  
  84  5:25  Drone  
  84  5:26  Overseer  
  85  5:29  Glial Reconstitution  
  85  5:30  Drone x3  
  85  5:31  Drone x2  
  85  5:35  Roach  
  89  5:37  Roach x3  
  89  5:39  Drone  
  96  5:43  Overlord  
  96  5:44  Ravager  
  96  5:47  Overlord  
  96  5:52  Overlord  
  96  5:56  Overlord  
  96  5:57  Overlord  
  96  6:00  Overlord  
  96  6:01  Overlord  
  96  6:03  Roach x3  
  102  6:05  Ravager x3  
  102  6:07  Roach  
  113  6:11  Roach x3  
  113  6:20  Roach x4  
  117  6:28  Roach  
  117  6:30  Zergling x14  
  117  6:32  Ravager x2  
  111  6:37  Zergling x4  
Show
View Real Time Build Order
Export as new Build Order

Exostriker Protoss - Winner!

Build Orders: 1 Gate Expand 

Get SALT Encoding   

  12  0:00  Probe  
  13  0:12  Probe  
  14  0:18  Pylon  
  14  0:24  Probe  
  15  0:31  Assimilator  
  15  0:32  Probe  
  15  0:42  Probe  
  16  0:43  Gateway  
  17  0:53  Probe  
  18  1:05  Probe  
  19  1:17  Probe  
  20  1:24  Nexus  
  20  1:35  Cybernetics Core  
  20  1:37  Probe  
  21  1:43  Assimilator  
  21  1:50  Pylon  
  21  1:51  Probe  
  22  2:01  Adept  
  22  2:03  Probe  
  23  2:13  Warp Gate  
  25  2:16  Probe  
  25  2:18  Robotics Facility  
  25  2:21  Stalker  
  26  2:28  Probe  
  27  2:32  Probe  
  30  2:40  Probe x2  
  32  2:50  Probe  
  32  2:52  Probe  
  34  3:02  Probe  
  34  3:04  Probe  
  34  3:05  Observer  
  37  3:10  Robotics Bay  
  37  3:13  Gateway  
  37  3:14  Probe  
  37  3:16  Pylon, Probe  
  39  3:20  Warp Prism  
  39  3:26  Probe  
  40  3:28  Probe  
  43  3:36  Assimilator  
  43  3:38  Probe, Assimilator  
  43  3:40  Probe  
  45  3:45  Pylon  
  45  3:46  Disruptor  
  45  3:48  Gravitic Drive  
  45  3:50  Probe  
  45  3:52  Probe  
  50  4:03  Probe  
  50  4:05  Probe  
  50  4:09  Pylon  
  52  4:10  Twilight Council  
  52  4:15  Probe  
  53  4:17  Probe  
  53  4:22  Disruptor  
  57  4:29  Resonating Glaives  
  57  4:31  Gateway x2  
  57  4:40  Gateway  
  57  4:41  Gateway  
  57  4:58  Disruptor  
  57  4:59  Gateway x2  
  60  5:02  Pylon  
  60  5:04  Pylon  
  60  5:11  Pylon  
  60  5:17  Adept x2  
  64  5:23  Pylon  
  64  5:26  Adept  
  64  5:27  Adept  
  68  5:30  Observer  
  68  5:38  Adept x3  
  74  5:46  Pylon  
  74  5:57  Stalker x2, Sentry  
  74  5:58  Stalker x3  
  74  6:00  Sentry  
  88  6:04  Stalker  
  90  6:20  Adept x2  
  90  6:21  Adept x3  
  100  6:32  Stalker x3  
  106  6:46  Adept x4  
Tags
 
Add a new tag
Caveats
  • Supply blocks, unpowered buildings, or Contaminate may cause inaccurate times.
  • Supply counts are checked every 10 seconds.